 Dungeon Crawl Stone Soup version 0.29.1-12-g30fa7ad0bf (webtiles) character file.

Game seed: 17698227450253207014

487382 wormed the Slayer (level 24, -20/218 (243) HPs)
             Began as a Hill Orc Fighter on Dec 25, 2022.
             Was an Elder of Okawaru.
             Killed from afar by a Brimstone Fiend (34 damage)
             ... with damnation
             ... summoned by a deep elf demonologist
             ... on level 3 of the Elven Halls.
             The game lasted 03:31:44 (81197 turns).

wormed the Slayer (Hill Orc Fighter)               Turns: 81197, Time: 03:31:44

HP:   -20/218 (243) AC: 46    Str: 30    XL:     24   Next: 66%
MP:   28/28         EV:  7    Int: 11    God:    Okawaru [****..]
Gold: 5486          SH: 28    Dex: 10    Spells: 21/23 levels left

rFire   + + +      SeeInvis .   M - +8 broad axe (elec)
rCold   + + .      Faith    .   E - +6 tower shield {rN+}
rNeg    + . .      Spirit   .   X - +8 orange crystal plate armour {Archmagi, Int+3 Clar}
rPois   .          Reflect  .   O - +2 hat {Will+}
rElec   .          Harm     .   I - scarf {rC+ rF+}
rCorr   .          Rampage  .   m - +1 pair of gloves of the Realm of Zot {Will++}
Will    ++++.      Archmagi +   Y - +2 pair of boots {Fly}
Stlth   .......... Clarity  +   G - amulet of regeneration
HPRegen 1.26/turn               B - ring of protection from fire
MPRegen 0.21/turn               H - ring of protection from fire

@: flying, hasted, studying 2 skills, heavily drained, very quick
A: clarity, cold resistance 1, low MP 1
}: 3/15 runes: decaying, serpentine, silver
a: Renounce Religion, Heroism, Finesse


You were on level 3 of the Elven Halls.
You worshipped Okawaru.
Okawaru was greatly pleased with you.
You visited 10 branches of the dungeon, and saw 44 of its levels.
You also visited: Bailey.

You collected 6226 gold pieces.
You spent 740 gold pieces at shops.

Inventory:

Hand Weapons
 M - a +8 broad axe of electrocution (weapon)
Missiles
 d - 12 javelins (quivered)
 l - a throwing net
 x - 8 silver javelins
Armour
 m - the +1 pair of gloves of the Realm of Zot (worn) {Will++}
   (Okawaru gifted it to you on level 3 of the Vaults)

   Will:      It greatly increases your willpower.
 A - the +11 crystal plate armour of Dishonesty {Harm Rampage rElec rN+}
   (You acquired it on level 3 of the Lair of Beasts)

   rElec:     It insulates you from electricity.
   rN:        It protects you from negative energy.
   Harm:      It increases damage dealt and taken.
   Rampage:   It bestows one free step when moving towards enemies.
 E - a +6 tower shield of positive energy (worn)
 I - a scarf of resistance (worn)
 O - a +2 hat of willpower (worn)
 X - the +8 orange crystal plate armour (worn) {Archmagi, Int+3 Clar}
   (Okawaru gifted it to you on level 4 of the Snake Pit)

   Int:       It affects your intelligence (+3).
   Clar:      It protects you against confusion.
 Y - a +2 pair of boots of flying (worn)
Jewellery
 a - the amulet "Laimn" {Spirit +Blink rC- rN+ Slay+2}
   (You found it on level 2 of the Vaults)

   [amulet of guardian spirit]

   It causes incoming damage to be divided between your reserves of health and
   magic.
   Slay:      It affects your accuracy & damage with ranged weapons and melee
   (+2).
   rC:        It makes you vulnerable to cold.
   rN:        It protects you from negative energy.
   +Blink:    It lets you blink.
 c - a ring of positive energy
 o - a ring of poison resistance
 r - a +4 ring of protection
 B - a ring of protection from fire (left hand)
 G - an amulet of regeneration (around neck)
 H - a ring of protection from fire (right hand)
 L - a +4 ring of slaying
 N - a ring of protection from cold
 R - a ring of protection from cold
 S - a ring of resist corrosion
Wands
 v - a wand of roots (37)
 w - a wand of polymorph (24)
 z - a wand of flame (79)
 F - a wand of mindburst (14)
 Z - a wand of paralysis (9)
Scrolls
 b - 7 scrolls of immolation
 e - 10 scrolls of amnesia
 g - 6 scrolls of poison
 i - 15 scrolls of teleportation
 p - 4 scrolls of torment
 q - 17 scrolls of identify
 t - 10 scrolls of vulnerability
 u - 11 scrolls of fog
 y - 2 scrolls of fear
 J - 14 scrolls of magic mapping
 K - a scroll of enchant armour
 P - 2 scrolls of brand weapon
 V - 4 scrolls of silence
Potions
 f - 6 potions of might
 h - 3 potions of haste
 j - a potion of magic
 n - 4 potions of berserk rage
 s - 3 potions of invisibility
 C - 4 potions of mutation
 D - a potion of brilliance
 Q - 9 potions of ambrosia
 T - a potion of curing
Miscellaneous
 k - a condenser vane


   Skills:
 + Level 25.3 Fighting
 - Level 18.0 Axes
 - Level 10.0 Throwing
 + Level 24.0 Armour
 + Level 24.0 Shields
 * Level 4.5 Translocations
 - Level 12.0 Invocations
 - Level 10.0 Evocations


You had 21 spell levels left.
You knew the following spells:

 Your Spells              Type           Power      Damage    Failure   Level
a - Blink                 Tloc           28%        N/A       63%         2

Your spell library contained the following spells:

 Spells                   Type           Power      Damage    Failure   Level
 Apportation              Tloc           28%        N/A       47%         1
 Teleport Other           Tloc           14%        N/A       85%         3
 Foxfire                  Conj/Fire      0%         2x1d4     98%         1
 Magic Dart               Conj           0%         1d3       98%         1
 Necrotise                Necr           0%         1d4       98%         1
 Sandblast                Erth           0%         2d4       98%         1
 Slow                     Hex            0%         N/A       98%         1
 Passwall                 Tmut/Erth      0%         N/A       99%         2
 Poisonous Vapours        Pois/Air       0%         N/A       99%         2
 Searing Ray              Conj           0%         2d4       99%         2
 Confusing Touch          Hex            0%         N/A       100%        3
 Conjure Flame            Conj/Fire      0%         6-21      100%        3
 Dazzling Flash           Conj/Hex       0%         N/A       100%        3
 Ignite Poison            Fire/Tmut/Pois 0%         N/A       100%        3
 Inner Flame              Hex/Fire       0%         N/A       100%        3
 Mephitic Cloud           Conj/Pois/Air  0%         N/A       100%        3
 Stone Arrow              Conj/Erth      0%         3d7       100%        3
 Vampiric Draining        Necr           0%         2d6       100%        3
 Anguish                  Hex/Necr       0%         N/A       100%        4
 Cause Fear               Hex            0%         N/A       100%        4
 Corpse Rot               Necr/Pois/Air  0%         N/A       100%        4
 Dispel Undead            Necr           0%         3d6       100%        4
 Flame Wave               Conj/Fire      0%         2d4       100%        4
 Fulminant Prism          Conj/Hex       0%         3d6       100%        4
 Iskenderun's Mystic Bla  Conj/Tloc      7%         2d4       100%        4
 Sticky Flame             Conj/Fire      0%         2d3       100%        4
 Agony                    Necr           0%         N/A       100%        5
 Alistair's Intoxication  Tmut/Pois      0%         N/A       100%        5
 Blade Hands              Tmut           0%         N/A       100%        5
 Borgnjor's Vile Clutch   Necr/Erth      0%         N/A       100%        5
 Fireball                 Conj/Fire      0%         3d3       100%        5
 Freezing Cloud           Conj/Ice/Air   0%         6-21      100%        5
 Iskenderun's Battlesphe  Conj           0%         2d6       100%        5
 Manifold Assault         Tloc           14%        N/A       100%        5
 Silence                  Hex/Air        0%         N/A       100%        5
 Yara's Violent Unravell  Hex/Tmut       0%         3d3       100%        5
 Conjure Ball Lightning   Conj/Air       0%         3x3d6     100%        6
 Dispersal                Tloc           7%         N/A       100%        6
 Eringya's Noxious Bog    Tmut/Pois      0%         N/A       100%        6
 Iron Shot                Conj/Erth      0%         9d1       100%        6
 Starburst                Conj/Fire      0%         6d3       100%        6
 Dragon Form              Tmut           0%         N/A       100%        7
 Enfeeble                 Hex            0%         N/A       100%        7
 Orb of Destruction       Conj           0%         9d5       100%        7
 Storm Form               Tmut/Air       0%         N/A       100%        7
 Ignition                 Fire           0%         3d3       100%        8
 Maxwell's Capacitive Co  Air            0%         ∞         100%        8
 Polar Vortex             Ice            0%         N/A       100%        9
 Summon Small Mammal      Summ           Unusable   N/A       N/A         1
 Call Imp                 Summ           Unusable   N/A       N/A         2
 Call Canine Familiar     Summ           Unusable   N/A       N/A         3
 Summon Guardian Golem    Hex/Summ       Unusable   N/A       N/A         3
 Animate Armour           Summ/Erth      Unusable   N/A       N/A         4
 Animate Dead             Necr           Unusable   N/A       N/A         4
 Summon Lightning Spire   Summ/Air       Unusable   N/A       N/A         4
 Simulacrum               Ice/Necr       Unusable   N/A       N/A         6
 Dragon's Call            Summ           Unusable   N/A       N/A         9

Dungeon Overview and Level Annotations

Branches:
Dungeon (15/15)            Temple (1/1) D:4            Lair (5/5) D:11
  Swamp (4/4) Lair:3        Snake (4/4) Lair:3        Slime (0/5) Lair:5
    Orc (2/2) D:10            Elf (3/3) Orc:2        Vaults (5/5) D:13
  Crypt (0/3) Vaults:3     Depths (4/4) D:15            Zot (1/5) Depths:4
 Bailey (visited)

Altars:
Ashenzari
Cheibriados
Dithmenos
Elyvilon
Fedhas
Gozag
Hepliaklqana
Kikubaaqudgha
Makhleb
Nemelex Xobeh
Okawaru
Qazlal
Ru
Sif Muna
Trog
Uskayaw
Vehumet
Wu Jian
Xom
Yredelemnul
Zin
The Shining One
Beogh
Jiyva

Shops:
D:12 *(   Orc:1 :   Orc:2 !([*   Snake:2 ?=:=   Vaults:1 (   Vaults:2 :
Vaults:4 (

Portals:
Hell: Depths:1 Depths:2 Depths:3 Depths:4
Abyss: Depths:2 Depths:3
Pandemonium: Depths:2
Ziggurat: Depths:4
Trove: Depths:2 (give 2 scrolls of acquirement)

Annotations:
D:6 2 transporters, Rangus's ghost, novice OpWn
Swamp:4 exclusion: 3 oklob plants
Elf:3 1 runed translucent door


Innate Abilities, Weirdness & Mutations

You possess an exceptional clarity of mind.
Your flesh is cold resistant. (rC+)
Your magical capacity is low. (-10% MP)


Message History

You hear rumbling.
You hear a roar!
You slice the deep elf blademaster!!
The deep elf blademaster is almost dead.
You feel sick.
The earth elemental disappears in a puff of smoke!
You block the deep elf blademaster's attack.
The deep elf blademaster hits you but does no damage.
The deep elf sorcerer gestures wildly while chanting.
The deep elf sorcerer seems to speed up.
You slice the deep elf blademaster!!
You kill the deep elf blademaster!
Okawaru accepts your kill.
You feel sick.
Okay, then.
Press: ? - help, v - describe, . - travel, g - get item
Here: a Brimstone Fiend (summoned)
Items here: )) [ †.
The floor, spattered with blood.
You feel yourself speed up.
You feel sick.
You are no longer poisoned.
You hear rumbling.
The Brimstone Fiend gestures at you.
The sphere of damnation explodes!
The damnation engulfs you!!
* * * LOW HITPOINT WARNING * * *
The damnation engulfs the Brimstone Fiend.
The Brimstone Fiend completely resists.
You feel better.
The deep elf sorcerer wildly gestures.
The deep elf sorcerer's hands start to glow.
You feel better.
The Brimstone Fiend calls on the powers of darkness!
Your body is wracked with pain!
* * * LOW HITPOINT WARNING * * *
The deep elf sorcerer convulses!
The deep elf annihilator convulses!
The deep elf annihilator casts a spell.
The deep elf annihilator blinks!
The ice devil disappears in a puff of smoke!
The Brimstone Fiend gestures at you.
The sphere of damnation explodes!
The damnation engulfs you!!
You die...

......#.# ### #.#
#.# ........# ##.#
#.## #.# ......###
#.## ##.# #.#
......# ##.#
#.#########.#
......# ##.##
##..........#
......###.#.#
#.###########
##.##.##.#..##
##.#
#......###..###.##
####..## ##....@#
#####.#.###.###.##
......##.#.## #.#
#########.## #1#
### #e# ###.#
#.e.# ##EE.#
#....#


You could see a Brimstone Fiend (summoned), a deep elf annihilator, a deep elf
sorcerer (fast) and an earth elemental (summoned).

Vanquished Creatures
  Mara (Arena)
  An ancient lich (Vaults:5)
  Boris (Depths:4)
  Vv (Arena)
  Vashnia (Arena)
  Saint Roka (Arena)
  Bai Suzhen (Vaults:2)
  9 golden dragons
  A bone dragon (Depths:4)
  A hellephant (Depths:3)
  Jorgrun (Snake:2)
  7 tentacled monstrosities
  4 liches
  6 quicksilver dragons
  A walking earthen tome (Depths:1)
  5 titans
  3 deep elf blademasters
  A walking divine tome (Depths:1)
  A quicksilver dragon (shapeshifter) (Vaults:5)
  7 sphinxes
  A death cob (Zot:1)
  Gastronok (D:10)
  11 tengu reavers
  9 storm dragons
  9 shadow dragons
  11 fire giants
  An azure jelly (shapeshifter) (Depths:1)
  5 nagarajas (Snake:4)
  5 frost giants
  Aizul (Snake:4)
  A draconian knight (Zot:1)
  A draconian scorcher (Depths:4)
  2 orc warlords
  3 iron dragons
  A balrug (Depths:2)
  12 vault wardens
  A deep elf elementalist (Elf:2)
  2 draconian annihilators
  2 spriggan defenders (Depths:2)
  17 ironbound preservers
  A draconian shifter (Zot:1)
  2 war gargoyles
  A reaper (Zot:1)
  3 vampire knights
  3 green draconians
  10 stone giants
  7 ironbound thunderhulks
  7 dire elephants (Vaults:4)
  2 hydra skeletons (Swamp:4)
  An eleionoma (Swamp:4)
  24 very ugly things
  A deep elf demonologist (Vaults:4)
  2 deep elf annihilators (Vaults:5)
  3 entropy weavers
  2 black draconians
  5 bunyips
  2 white draconians
  A spark wasp (Depths:1)
  A yellow draconian (Zot:1)
  The ghost of Cegin the Spear-Bearer, a journeyman MiBe of Trog (Lair:4)
  A red draconian (Zot:1)
  5 purple draconians
  A spark wasp (shapeshifter) (Vaults:4)
  3 deep elf death magi
  5 deep elf high priests
  A crystal guardian (Vaults:2)
  8 fire dragons
  4 shambling mangroves (Swamp:4)
  12 ettins
  Fannar (D:12)
  6 great orbs of eyes
  Josephine (D:10)
  10 yaktaur captains
  36 vault guards
  4 rakshasas
  4 ice dragons
  4 spriggan air magi
  10 boulder beetles
  A radroach (shapeshifter) (Vaults:5)
  4 peacekeepers
  An ogre mage (Vaults:5)
  9 anacondas
  7 ironbound frosthearts
  A jorogumo (shapeshifter) (Depths:4)
  16 hydras
  A salamander tyrant (Snake:2)
  22 dancing weapons (Elf:2)
  4 two-headed ogres
  13 centaur warriors
  13 naga sharpshooters
  A vampire mage (Depths:1)
  5 alligators
  13 naga warriors
  4 hell hogs (Depths:2)
  9 deep troll shamans
  An orc high priest (Orc:2)
  4 tengu warriors
  4 soul eaters
  5 spriggan berserkers
  8 deep troll earth magi
  5 shock serpents
  8 hell knights
  Nergalle (Lair:1)
  12 deep elf knights
  2 sun demons (Depths:2)
  7 iron trolls
  4 goliath frogs
  2 salamander mystics
  77 deep trolls
  10 sea snakes
  8 naga ritualists
  2 glowing orange brains
  5 spriggan druids
  3 spectral hydras (Swamp:4)
  Lodul (D:12)
  A flayed ghost (Swamp:3)
  A spark wasp zombie (Depths:2)
  2 swamp dragons (shapeshifter)
  A wizard (Vaults:4)
  7 deep elf archers
  10 harpies
  5 swamp dragons
  10 lindwurms
  6 bog bodies
  3 phantasmal warriors (Vaults:5)
  20 ironbound convokers
  15 deep elf pyromancers
  20 deep elf zephyrmancers
  4 necromancers
  A lindwurm (shapeshifter) (Depths:3)
  7 orc knights
  13 mana vipers
  A wolf spider (shapeshifter) (Depths:1)
  7 cyclopes
  A wolf spider (D:13)
  5 orc sorcerers
  A salamander (shapeshifter) (Vaults:5)
  9 salamanders
  30 ugly things
  4 moths of wrath (Zot:1)
  6 manticores
  20 elephants
  3 will-o-the-wisps
  48 black mambas
  19 vault sentinels
  Maurice (D:8)
  An iron dragon skeleton (Depths:2)
  9 guardian serpents
  20 naga magi
  3 molten gargoyles (Lair:5)
  A torpor snail (Lair:4)
  3 smoke demons (Depths:2)
  7 cane toads
  A gargoyle (D:13)
  5 rime drakes
  20 yaktaurs
  2 kobold demonologists
  An efreet (D:13)
  4 tengu conjurers
  13 komodo dragons
  5 freezing wraiths
  A yaktaur (shapeshifter) (Vaults:2)
  2 unseen horrors
  A queen bee (shapeshifter) (D:15)
  2 hydra zombies (Swamp:4)
  4 trolls
  3 meliai (D:15)
  14 tyrant leeches
  A queen bee (D:10)
  A tengu simulacrum (Depths:2)
  2 death drake skeletons (Swamp:4)
  13 hornets
  33 slime creatures
  14 blink frogs
  A slime creature (shapeshifter) (Vaults:5)
  A large abomination (Elf:1)
  An iron dragon simulacrum (Depths:2)
  6 wraiths
  10 water elementals
  3 air elementals
  A yak (shapeshifter) (Vaults:5)
  23 yaks
  A hog (shapeshifter) (D:13)
  13 wyverns
  7 spriggans
  8 basilisks
  2 shadows
  2 vampires (D:11)
  A fire elemental (Elf:2)
  2 steam dragons
  10 vampire mosquitoes
  3 redbacks (Vaults:1)
  2 wargs
  A glowing shapeshifter zombie (Depths:2)
  An acid dragon (D:13)
  15 swamp worms
  15 water moccasins
  32 nagas
  3 hydra simulacra (Swamp:4)
  A floating eye (shapeshifter) (D:15)
  4 hell hounds (Lair:5)
  2 floating eyes (Vaults:2)
  7 swamp drakes
  2 sky beasts
  A black bear (D:4)
  16 ogres
  36 orc warriors
  2 ice beasts (D:5)
  21 wolves
  9 centaurs
  2 phantoms
  2 swamp dragon skeletons (Swamp:4)
  4 elf zombies (Elf:1)
  5 kobold brigands
  11 bullfrogs
  4 scorpions
  An earth elemental (Elf:1)
  3 necrophages
  3 gnoll sergeants
  11 wights
  32 killer bees
  14 electric eels
  3 howler monkeys
  5 lava snakes (Lair:5)
  2 gnoll boudas
  23 orc priests
  10 hounds
  Ijyb (D:4)
  6 hell rats (Lair:2)
  2 iguanas
  34 orc wizards
  23 gnolls
  5 adders
  A shadow imp (D:8)
  4 white imps
  3 ufetubi
  A worm (D:2)
  A dart slug (D:3)
  110 orcs
  7 bats
  10 endoplasms
  2 giant cockroaches
  14 goblins
  18 hobgoblins
  2 jackals (D:4)
  34 kobolds
  A quokka (D:1)
  8 ball pythons
  3 frilled lizards
  2 rats
1797 creatures vanquished.

Vanquished Creatures (others)
  A wizard (Vaults:1)
  2 deep elf zephyrmancers
  A black mamba (Snake:2)
  3 bloated husks
  2 centaurs (D:15)
  20 foxfires
  14 fungi
  65 plants
  4 tentacles (Depths:1)
112 creatures vanquished.

Grand Total: 1909 creatures vanquished

Notes
Turn   | Place    | Note
-------+----------+-------------------------------------------
     0 | D:1      | wormed the Hill Orc Fighter began the quest for the Orb.
     0 | D:1      | Reached XP level 1. HP: 19/19 MP: 1/1
   151 | D:1      | Reached XP level 2. HP: 27/27 MP: 2/2
   351 | D:1      | Reached XP level 3. HP: 32/33 MP: 3/3
   660 | D:1      | Reached skill level 4 in Fighting
  1727 | D:3      | Identified the ring of Naonub Otea {Ice Int+2}
  1729 | D:3      | Reached XP level 4. HP: 40/40 MP: 4/4
  1787 | D:3      | Found an opulent altar of Gozag.
  1999 | D:3      | Reached XP level 5. HP: 16/47 MP: 5/5
  2244 | D:3      | Found a faded altar of an unknown god.
  2528 | D:3      | Noticed a kobold brigand
  2539 | D:3      | Killed a kobold brigand
  2540 | D:3      | Reached skill level 5 in Axes
  3230 | D:4      | Noticed an ogre
  3236 | D:4      | Noticed a black bear
  3242 | D:4      | Killed an ogre
  3243 | D:4      | Reached XP level 6. HP: 44/55 MP: 6/6
  3249 | D:4      | Killed a black bear
  3250 | D:4      | Reached skill level 5 in Fighting
  3488 | D:4      | Noticed Ijyb
  3513 | D:4      | Killed Ijyb
  3887 | D:4      | Reached XP level 7. HP: 61/61 MP: 7/7
  4191 | D:4      | Found a staircase to the Ecumenical Temple.
  4278 | Temple   | Entered the Ecumenical Temple
  4626 | Temple   | Became a worshipper of Warmaster Okawaru
  4764 | D:5      | Entered Level 5 of the Dungeon
  4927 | D:5      | Reached skill level 5 in Armour
  4927 | D:5      | Reached skill level 5 in Shields
  5172 | D:5      | Reached XP level 8. HP: 70/70 MP: 8/8
  5501 | D:5      | Reached * piety under Okawaru
  5502 | D:5      | Reached skill level 6 in Fighting
  6671 | D:6      | Reached skill level 10 in Axes
  6741 | D:6      | Found a transporter.
  6743 | D:6      | Noticed Rangus's ghost (novice OpWn)
  6745 | D:6      | Identified the +0 great mace of Fee Simple {drain, Fly rN++
                  | Int+2}
  6745 | D:6      | Identified the +7 great mace of a Labyrinth {vorpal, *Noise
                  | Str+3 Int+3 SInv}
  6745 | D:6      | Noticed a two-headed ogre
  7313 | D:6      | Found a transporter.
  7361 | D:7      | Found a flagged portal.
  7366 | Bailey   | Entered a bailey
  7496 | Bailey   | Reached XP level 9. HP: 31/75 MP: 5/9
  7500 | Bailey   | Reached ** piety under Okawaru
  7759 | Bailey   | Noticed an orc knight
  7796 | Bailey   | Killed an orc knight
  8443 | Bailey   | Identified the +2 scale mail of Freedom {rC+++ Int-5 Dex+2}
  8471 | Bailey   | Noticed an orc warlord
  9149 | D:7      | Found an ornate altar of the Wu Jian Council.
  9149 | D:7      | Found a hazy altar of Hepliaklqana.
  9287 | D:7      | Identified the +5 hand axe "Reatresy" {drain, Str+4}
  9288 | D:7      | Noticed a kobold demonologist
  9368 | D:6      | Reached XP level 10. HP: 70/83 MP: 8/10
  9453 | D:6      | Noticed an orange demon
  9457 | D:6      | Killed a kobold demonologist
  9457 | D:6      | Reached *** piety under Okawaru
  9458 | D:6      | Reached skill level 15 in Axes
  9500 | D:7      | Noticed a brown ugly thing
  9502 | D:7      | Noticed a manticore
  9515 | D:7      | Killed a brown ugly thing
  9527 | D:7      | Killed a manticore
  9888 | D:7      | Noticed a manticore
  9905 | D:7      | Killed a manticore
 10311 | D:7      | Reached **** piety under Okawaru
 11093 | D:8      | Found a snail-covered altar of Cheibriados.
 11142 | D:8      | Noticed Maurice
 11159 | D:8      | Killed Maurice
 11465 | D:8      | Reached skill level 1 in Invocations
 11465 | D:8      | Reached skill level 1 in Evocations
 11487 | D:8      | Reached XP level 11. HP: 80/89 MP: 10/12
 12068 | D:9      | Noticed a two-headed ogre
 12076 | D:9      | Killed a two-headed ogre
 12085 | D:9      | Reached ***** piety under Okawaru
 12301 | D:9      | Noticed a centaur warrior
 12301 | D:9      | Noticed a six-headed hydra
 12349 | D:9      | Killed a centaur warrior
 12368 | D:9      | Killed a six-headed hydra
 12385 | D:9      | Received a gift from Okawaru
 12883 | D:9      | Reached skill level 5 in Invocations
 13032 | D:9      | Identified the +1 ring mail of the Beginning {Fly Str+3}
 13048 | D:9      | Reached skill level 7 in Fighting
 13226 | D:10     | Entered Level 10 of the Dungeon
 13611 | D:10     | Noticed Gastronok
 13948 | D:10     | Killed Gastronok
 13949 | D:10     | Reached skill level 5 in Evocations
 14129 | D:10     | Noticed an orc knight
 14136 | D:10     | Found a roughly hewn altar of Beogh.
 14136 | D:10     | Found a staircase to the Orcish Mines.
 14148 | D:10     | Killed an orc knight
 14149 | D:10     | Reached XP level 12. HP: 85/101 MP: 13/16
 14339 | D:10     | Noticed a two-headed ogre
 14344 | D:10     | Killed a two-headed ogre
 14345 | D:10     | Reached skill level 8 in Fighting
 14404 | D:10     | Noticed Josephine
 14412 | D:10     | Killed Josephine
 14505 | D:10     | Reached ****** piety under Okawaru
 15718 | D:11     | Noticed a two-headed ogre
 15723 | D:11     | Killed a two-headed ogre
 15723 | D:11     | Received a gift from Okawaru
 15922 | D:11     | Found a staircase to the Lair.
 16337 | D:12     | Noticed Fannar
 16540 | D:12     | Killed Fannar
 16663 | D:12     | Noticed Lodul
 16668 | D:12     | Reached skill level 9 in Fighting
 16683 | D:12     | Noticed a two-headed ogre
 17156 | D:12     | Killed a two-headed ogre
 17161 | D:12     | Killed Lodul
 17162 | D:12     | Reached XP level 13. HP: 68/111 MP: 12/19
 17343 | D:12     | Found Erhehir's Antique Weapon Shop.
 17365 | D:12     | Found Keferch's Assorted Antiques.
 17464 | D:12     | Identified the +3 leather armour of Wu Jian's Benevolence
                  | {Harm *Corrode rPois Will+}
 17537 | Lair:1   | Entered Level 1 of the Lair of Beasts
 17678 | Lair:1   | Identified the +3 executioner's axe "Fuutro Uxeir" {spect,
                  | rF++ rC+ Str-2} (Okawaru gifted it to you on level 1 of the
                  | Lair of Beasts)
 17678 | Lair:1   | Received a gift from Okawaru
 17733 | Lair:1   | Noticed Nergalle
 17742 | Lair:1   | Killed Nergalle
 18200 | Lair:1   | Reached skill level 10 in Invocations
 18734 | Lair:2   | Identified the +1 plate armour "Waotze" {Dex+2} (Okawaru
                  | gifted it to you on level 2 of the Lair of Beasts)
 18734 | Lair:2   | Received a gift from Okawaru
 19071 | Lair:2   | Reached skill level 10 in Fighting
 19856 | Lair:3   | Reached XP level 14. HP: 115/122 MP: 22/22
 19870 | Lair:3   | Reached skill level 10 in Evocations
 19879 | Lair:3   | Reached skill level 10 in Shields
 19880 | Lair:3   | Reached skill level 10 in Armour
 20426 | Lair:3   | Found a staircase to the Snake Pit.
 21066 | Lair:3   | Found a staircase to the Swamp.
 21454 | Lair:4   | Received a gift from Okawaru
 21719 | Lair:4   | Reached skill level 11 in Fighting
 22079 | Lair:4   | Found a runed translucent gate.
 22079 | Lair:4   | Found a runed translucent gate.
 22080 | Lair:4   | Found a runed translucent gate.
 22083 | Lair:4   | Noticed Cegin's ghost (journeyman MiBe)
 22506 | Lair:4   | Killed Cegin's ghost
 22581 | Lair:5   | Entered Level 5 of the Lair of Beasts
 23099 | Lair:5   | Identified the +9 bardiche of the Last Princes {vamp, rPois
                  | rCorr Str-2 Dex+5} (Okawaru gifted it to you on level 5 of
                  | the Lair of Beasts)
 23099 | Lair:5   | Received a gift from Okawaru
 23237 | Lair:5   | Reached skill level 12 in Fighting
 23966 | Lair:5   | Identified the +4 scale mail "Irchimm" {rF+} (Okawaru
                  | gifted it to you on level 5 of the Lair of Beasts)
 23966 | Lair:5   | Received a gift from Okawaru
 24318 | Lair:5   | Found a staircase to the Slime Pits.
 24318 | Lair:5   | Found a viscous altar of Jiyva.
 24642 | Lair:5   | Found a large runed translucent door.
 24643 | Lair:5   | Found a large runed translucent door.
 24787 | Lair:5   | Reached XP level 15. HP: 132/132 MP: 18/24
 25030 | Orc:1    | Entered Level 1 of the Orcish Mines
 25494 | Orc:1    | Found Ysicuuck's Vocational Training.
 25718 | Orc:2    | Entered Level 2 of the Orcish Mines
 25743 | Orc:2    | Found a roughly hewn altar of Beogh.
 25900 | Orc:2    | Found a roughly hewn altar of Beogh.
 26072 | Orc:2    | Found a roughly hewn altar of Beogh.
 26163 | Orc:2    | Found a roughly hewn altar of Beogh.
 26164 | Orc:2    | Found Oremopp's Assorted Antiques.
 26355 | Orc:2    | Noticed Saint Roka
 26375 | Arena    | Entered the Arena
 26390 | Arena    | Killed Saint Roka
 26421 | Orc:2    | Found Busirphus's Antique Armour Shoppe.
 26421 | Orc:2    | Found a roughly hewn altar of Beogh.
 26838 | Orc:2    | Found Cejegad's Antique Weapon Emporium.
 26929 | Orc:2    | Found a staircase to the Elven Halls.
 27030 | Orc:2    | Found a roughly hewn altar of Beogh.
 27125 | Orc:2    | Found a roughly hewn altar of Beogh.
 27269 | Orc:2    | Found a roughly hewn altar of Beogh.
 27270 | Orc:2    | Found Hubume's Distillery.
 27425 | Orc:2    | Bought a pair of embroidered boots for 180 gold pieces
 27517 | Orc:2    | Bought a glowing sling for 121 gold pieces
 27517 | Orc:2    | Bought a dented emerald amulet for 135 gold pieces
 27808 | D:13     | Reached skill level 13 in Fighting
 28266 | D:13     | Gained mutation: You are agile. (Dex +4, Str/Int -1) [a
                  | neqoxec]
 28942 | D:13     | Found a gate to the Vaults.
 29682 | D:14     | Identified the +8 chain mail of the Poles {SInv Stlth+}
                  | (Okawaru gifted it to you on level 14 of the Dungeon)
 29682 | D:14     | Received a gift from Okawaru
 30389 | D:14     | Found an opulent altar of Gozag.
 30651 | D:15     | Entered Level 15 of the Dungeon
 31247 | D:15     | Identified the +2 scale mail of the Teacher {rF- Regen+
                  | Str+9 Dex-4}
 31259 | D:15     | Reached skill level 14 in Fighting
 31514 | D:15     | Found a staircase to the Depths.
 31530 | D:15     | Reached XP level 16. HP: 124/146 MP: 25/25
 31620 | D:15     | Found a hide-covered altar of Uskayaw.
 31936 | Snake:1  | Entered Level 1 of the Snake Pit
 32916 | Snake:1  | Received a gift from Okawaru
 32920 | Snake:1  | Identified the +4 lajatang of Brutal Revenge {drain, Str+5}
 33623 | Snake:1  | Reached skill level 1 in Throwing
 34390 | Snake:2  | Received a gift from Okawaru
 34822 | Snake:2  | Reached skill level 15 in Fighting
 35410 | Snake:2  | Noticed Jorgrun
 35434 | Snake:2  | Killed Jorgrun
 35462 | Snake:2  | HP: 7/149 [naga mage/bolt of poison (27)]
 35463 | Snake:2  | HP: 2/149 [poisoned by a naga mage (bolt of poison)]
 35465 | Arena    | Entered the Arena
 36285 | Snake:2  | Found Poecanewk's Jewellery Emporium.
 36285 | Snake:2  | Found Zife's Book Shop.
 36286 | Snake:2  | Found Zucrok's Jewellery Emporium.
 36528 | Snake:2  | Found Caarph Emmuu's Magic Scroll Shop.
 36537 | Snake:2  | Bought 2 scrolls of blinking for 240 gold pieces
 37058 | Snake:3  | Reached skill level 5 in Throwing
 37345 | Snake:3  | Reached skill level 15 in Armour
 37345 | Snake:3  | Reached skill level 15 in Shields
 38218 | Snake:3  | Noticed Vashnia
 38225 | Arena    | Entered the Arena
 38235 | Arena    | Killed Vashnia
 38236 | Arena    | Reached XP level 17. HP: 124/156 MP: 12/26
 38644 | Snake:3  | Received a gift from Okawaru
 39209 | Snake:3  | Identified the +9 short sword of Quiescent Action {freeze,
                  | Will+ Str+3 Dex+3}
 39879 | Snake:4  | Entered Level 4 of the Snake Pit
 40007 | Snake:4  | Received a gift from Okawaru
 41652 | Snake:4  | Received a gift from Okawaru
 41733 | Snake:4  | Received a gift from Okawaru
 41733 | Snake:4  | Found the +8 orange crystal plate armour {Archmagi, Int+3
                  | Clar}
 42548 | Snake:4  | Reached skill level 10 in Throwing
 42603 | Snake:4  | Noticed Aizul
 42619 | Snake:4  | Killed Aizul
 44997 | Snake:4  | Received a gift from Okawaru
 45672 | Snake:4  | Got a serpentine rune of Zot
 46372 | Swamp:1  | Entered Level 1 of the Swamp
 46699 | Lair:3   | Reached skill level 16 in Fighting
 46973 | Lair:3   | Acquired a manual of Polearms
 46977 | Lair:3   | Acquired the +11 crystal plate armour of Dishonesty {Harm
                  | Rampage rElec rN+}
 47084 | Swamp:1  | Reached XP level 18. HP: 166/166 MP: 27/27
 47219 | Swamp:1  | Noticed a tentacled monstrosity
 47241 | Swamp:1  | Killed a tentacled monstrosity
 47507 | Swamp:1  | Identified the +0 leather armour of Vivast {Str+4}
 47850 | Swamp:1  | Received a gift from Okawaru
 48274 | Swamp:2  | Identified the +10 whip of Plog {holy, Fly rElec rF- Str+8}
 48621 | Swamp:2  | Received a gift from Okawaru
 48955 | Swamp:3  | Noticed Mara
 48959 | Swamp:3  | Noticed wormed's illusion
 49359 | Swamp:3  | Noticed wormed's illusion
 49643 | Swamp:3  | Noticed wormed's illusion
 49644 | Arena    | Entered the Arena
 49645 | Arena    | Noticed wormed's illusion
 49673 | Arena    | Killed Mara
 50675 | Swamp:4  | Entered Level 4 of the Swamp
 51040 | Swamp:3  | Reached skill level 17 in Fighting
 51554 | Swamp:4  | Received a gift from Okawaru
 52128 | Swamp:4  | Received a gift from Okawaru
 52424 | Swamp:4  | Found a blossoming altar of Fedhas.
 52493 | Swamp:4  | Found a basalt altar of Yredelemnul.
 52507 | Swamp:4  | Got a decaying rune of Zot
 52684 | Snake:2  | Bought a scroll of identify for 32 gold pieces
 52684 | Snake:2  | Bought a scroll of identify for 32 gold pieces
 52869 | Vaults:1 | Entered Level 1 of the Vaults
 52878 | Vaults:1 | Received a gift from Okawaru
 52896 | Vaults:1 | Received a gift from Okawaru
 53204 | Vaults:1 | Noticed a tentacled monstrosity
 53210 | Vaults:1 | Reached XP level 19. HP: 144/179 MP: 28/28
 53221 | Vaults:1 | Killed a tentacled monstrosity
 53221 | Vaults:1 | Received a gift from Okawaru
 53619 | Vaults:1 | Received a gift from Okawaru
 53620 | Vaults:1 | Reached skill level 18 in Fighting
 54209 | Vaults:1 | Found Wovotet's Antique Weapon Boutique.
 54918 | Vaults:2 | Identified the +5 scale mail of Ghostly Joy {rF+ Str+5
                  | Slay-4}
 55007 | Vaults:2 | Received a gift from Okawaru
 55055 | Vaults:2 | Noticed Bai Suzhen
 55079 | Vaults:2 | Killed Bai Suzhen
 55079 | Vaults:2 | Received a gift from Okawaru
 55477 | Arena    | Entered the Arena
 55481 | Arena    | Reached skill level 19 in Fighting
 55513 | Vaults:2 | Received a gift from Okawaru
 55544 | Vaults:2 | HP: 9/182 [great orb of eyes (3)]
 56009 | Vaults:2 | Identified the amulet "Laimn" {Spirit +Blink rC- rN+
                  | Slay+2}
 56012 | Vaults:2 | Identified the +5 plate armour "Wioqiff" {Stlth+}
 56083 | Vaults:2 | Found the +7 Singing Sword {vorpal, sonic wave}
 56138 | Vaults:2 | Paralysed by a floating eye for 2 turns
 56451 | Vaults:2 | Received a gift from Okawaru
 56456 | Vaults:2 | Reached XP level 20. HP: 69/191 MP: 8/29
 57116 | Vaults:2 | Found Idwif's Book Emporium.
 57647 | Vaults:2 | Identified the +1 ring mail "Goirefe" {Int+9}
 57801 | Vaults:2 | Received a gift from Okawaru
 57956 | Vaults:3 | Found a staircase to the Crypt.
 58595 | Vaults:3 | Reached skill level 20 in Fighting
 58999 | Vaults:3 | Identified the +1 pair of gloves of the Realm of Zot
                  | {Will++} (Okawaru gifted it to you on level 3 of the
                  | Vaults)
 58999 | Vaults:3 | Received a gift from Okawaru
 60464 | Vaults:4 | Reached XP level 21. HP: 188/203 MP: 23/30
 61033 | Vaults:4 | Found Dysiloo's Antique Weapon Boutique.
 61057 | Vaults:4 | Reached skill level 21 in Fighting
 61680 | Depths:1 | Entered Level 1 of the Depths
 61948 | Depths:1 | Received a gift from Okawaru
 62129 | Depths:1 | Identified the +9 hand axe "Xasarusu" {elec, Will++ rCorr
                  | Dex+3} (Okawaru gifted it to you on level 1 of the Depths)
 62129 | Depths:1 | Received a gift from Okawaru
 62149 | Depths:1 | HP: 10/204 [tengu reaver/bolt of poison (18)]
 62781 | Depths:1 | Found a gateway to Hell.
 63072 | Depths:1 | Identified the +8 short sword of Abashyij {freeze, rCorr
                  | Str+2 Dex+4}
 63072 | Depths:1 | Identified the +1 leather armour of Xizxuhun {Drain Int+2
                  | Dex+2 SInv}
 63493 | Depths:1 | Identified the +5 executioner's axe "Tormentor" {elec,
                  | +Blink}
 64398 | Depths:2 | Found a one-way gate to the infinite horrors of the Abyss.
 64398 | Depths:2 | Found a one-way gate leading to the halls of Pandemonium.
 64456 | Depths:2 | Received a gift from Okawaru
 64687 | Depths:2 | Received a gift from Okawaru
 64805 | Depths:2 | Noticed a golden dragon
 65000 | Depths:2 | Killed a golden dragon
 65001 | Depths:2 | Reached skill level 22 in Fighting
 65006 | Depths:2 | Noticed a golden dragon
 65019 | Depths:2 | Killed a golden dragon
 65299 | Depths:2 | Received a gift from Okawaru
 65400 | Depths:2 | Found a portal to a secret trove of treasure.
 65453 | Depths:2 | You are sucked into a shaft and drop 2 floors!
 65453 | Depths:4 | Entered Level 4 of the Depths
 65502 | Depths:3 | Reached XP level 22. HP: 138/215 MP: 24/31
 65926 | Depths:3 | Received a gift from Okawaru
 66050 | Depths:3 | Received a gift from Okawaru
 66739 | Depths:3 | Identified the +7 demon whip of Unpleasantness {flame, rN+
                  | Will++ Str+3 Dex+4}
 67077 | Depths:3 | Found a sparkling altar of Nemelex Xobeh.
 67820 | Depths:2 | Received a gift from Okawaru
 68637 | Depths:4 | Noticed Boris
 68662 | Depths:4 | Killed Boris
 68759 | Depths:4 | Received a gift from Okawaru
 68858 | Depths:4 | Found a radiant altar of Vehumet.
 68882 | Depths:4 | Lost mutation: You are agile. (Dex +4, Str/Int -1) [potion
                  | of mutation]
 68882 | Depths:4 | Gained mutation: You possess an exceptional clarity of
                  | mind. [potion of mutation]
 68882 | Depths:4 | Gained mutation: Your spells are a little harder to cast,
                  | but a little more powerful. [potion of mutation]
 69251 | Depths:4 | Identified the +6 hand axe "Beastbane" {vorpal, *Rage rPois
                  | rN++ Dex+2} (Okawaru gifted it to you on level 4 of the
                  | Depths)
 69251 | Depths:4 | Received a gift from Okawaru
 69341 | Depths:4 | Reached skill level 23 in Fighting
 70182 | Depths:4 | Noticed a golden dragon
 70194 | Depths:4 | Killed a golden dragon
 70432 | Depths:4 | Found a gate to the Realm of Zot.
 70762 | Depths:4 | Found a one-way gateway to a ziggurat.
 71472 | Vaults:5 | Entered Level 5 of the Vaults
 71495 | Vaults:5 | Received a gift from Okawaru
 71500 | Vaults:5 | Reached XP level 23. HP: 171/227 MP: 26/32
 73362 | Vaults:5 | Acquired the +0 helmet "Amatz" {Dex+6}
 73464 | Vaults:5 | Reached skill level 24 in Fighting
 73571 | Vaults:5 | Identified the ring of Atynwe {Ice Drain Will+ Dex+7 SInv}
 73582 | Vaults:5 | Received a gift from Okawaru
 73820 | Vaults:5 | Noticed a golden dragon
 73833 | Vaults:5 | Killed a golden dragon
 73833 | Vaults:5 | Received a gift from Okawaru
 74105 | Vaults:5 | Got a silver rune of Zot
 74561 | Vaults:5 | Noticed a golden dragon
 74579 | Vaults:5 | Killed a golden dragon
 74803 | Vaults:5 | Noticed an ancient lich
 74828 | Vaults:5 | Killed an ancient lich
 75205 | Vaults:5 | Got the Discursus on the Compass and Fascination
 75206 | Vaults:5 | Identified the +0 helmet "Hieplua" {rC+}
 75629 | Zot:1    | Entered Level 1 of the Realm of Zot
 75639 | Zot:1    | Noticed a golden dragon
 75731 | Zot:1    | Killed a golden dragon
 75838 | Zot:1    | Noticed a golden dragon
 75866 | Zot:1    | Killed a golden dragon
 76353 | Zot:1    | Reached XP level 24. HP: 229/240 MP: 32/32
 76589 | Zot:1    | Noticed Vv
 76601 | Zot:1    | Received a gift from Okawaru
 76615 | Arena    | Entered the Arena
 76648 | Arena    | Killed Vv
 76686 | Zot:1    | Gained mutation: You are frail. (-10% HP) [mutagenic glow]
 78533 | Elf:1    | Entered Level 1 of the Elven Halls
 78811 | Elf:1    | Paralysed by an air elemental for 1 turns
 78813 | Elf:1    | Paralysed by an air elemental for 1 turns
 78817 | Elf:1    | Paralysed by an air elemental for 1 turns
 78822 | Elf:1    | Reached skill level 25 in Fighting
 78831 | Elf:1    | Learned a level 2 spell: Blink
 78854 | Elf:1    | Lost mutation: You possess an exceptional clarity of mind.
                  | [potion of mutation]
 78854 | Elf:1    | Lost mutation: Your spells are a little harder to cast, but
                  | a little more powerful. [potion of mutation]
 78854 | Elf:1    | Lost mutation: You are frail. (-10% HP) [potion of
                  | mutation]
 78854 | Elf:1    | Gained mutation: You passively map a small area around you.
                  | [potion of mutation]
 78854 | Elf:1    | Gained mutation: Your spells are a little harder to cast,
                  | but a little more powerful. [potion of mutation]
 78854 | Elf:1    | Gained mutation: Potions are less effective at restoring
                  | your health. [potion of mutation]
 78855 | Elf:1    | Lost mutation: Your spells are a little harder to cast, but
                  | a little more powerful. [potion of mutation]
 78855 | Elf:1    | Lost mutation: Potions are less effective at restoring your
                  | health. [potion of mutation]
 78855 | Elf:1    | Lost mutation: You passively map a small area around you.
                  | [potion of mutation]
 78855 | Elf:1    | Gained mutation: Your spells are a little harder to cast,
                  | but a little more powerful. [potion of mutation]
 78856 | Elf:1    | Lost mutation: Your spells are a little harder to cast, but
                  | a little more powerful. [potion of mutation]
 78856 | Elf:1    | Gained mutation: Your magical capacity is low. (-10% MP)
                  | [potion of mutation]
 78856 | Elf:1    | Gained mutation: Armour fits poorly on your strangely
                  | shaped body. [potion of mutation]
 78856 | Elf:1    | Gained mutation: Your magical capacity is very low. (-20%
                  | MP) [potion of mutation]
 78856 | Elf:1    | Gained mutation: Your flesh is cold resistant. (rC+)
                  | [potion of mutation]
 78857 | Elf:1    | Lost mutation: Your flesh is cold resistant. (rC+) [potion
                  | of mutation]
 78857 | Elf:1    | Lost mutation: Armour fits poorly on your strangely shaped
                  | body. [potion of mutation]
 78857 | Elf:1    | Lost mutation: Your magical capacity is very low. (-20% MP)
                  | [potion of mutation]
 78857 | Elf:1    | Gained mutation: Your flesh is cold resistant. (rC+)
                  | [potion of mutation]
 78857 | Elf:1    | Gained mutation: You possess an exceptional clarity of
                  | mind. [potion of mutation]
 78966 | Elf:1    | Got Rushiqeokh's Enchiridion on the Dead
 78987 | Elf:1    | Reached skill level 1 in Translocations
 78992 | Elf:1    | Found a frozen archway.
 79148 | Elf:1    | Paralysed by an air elemental for 1 turns
 79685 | Elf:2    | Found a radiant altar of Vehumet.
 79969 | Elf:2    | Paralysed by an air elemental for 1 turns
 79973 | Elf:2    | Paralysed by an air elemental for 1 turns
 80107 | Elf:2    | Found a runed translucent gate.
 80107 | Elf:2    | Found a runed translucent gate.
 80107 | Elf:2    | Found a runed translucent gate.
 80442 | Elf:2    | Received a gift from Okawaru
 80954 | Elf:3    | Entered Level 3 of the Elven Halls
 81027 | Elf:3    | Found a runed translucent door.
 81192 | Elf:3    | HP: 2/218 [Brimstone Fiend/damnation[a deep elf
                  | demonologist] (24)]
 81197 | Elf:3    | Killed from afar by a Brimstone Fiend

Illustrated notes

Levels and vault maps discovered:
D:1:      psy_arrival_whirlpool, layout_loops_ring, minmay_cut_off
D:2:      layout_loops_ring, kennysheep_crisscross, nrook_loot_triangle,
          lemuel_flame_loot_1
D:3:      cheibrodos_thug_alley, layout_loops_ring, mainiacjoe_overflow_paths,
          basic_ecumenical_altar
D:4:      layout_basic, minmay_temple_entry_offerings, uniq_ijyb
D:5:      layout_gridville, st_stairs_5, minmay_misc_feat_chi,
          corexii_corridor_pit
D:6:      layout_loops_corners, gammafunk_ghost_smash, minmay_misc_feat_cross
D:7:      nzn_winding_woodlands_stair_cross [nzn_winding_woodlands_5x15_cabin,
          nzn_winding_woodlands_center_triple_pond,
          nzn_winding_woodlands_5x15_lazy_stream,
          nzn_winding_woodlands_5x5_perimeter,
          nzn_winding_woodlands_5x5_closed_star,
          nzn_winding_woodlands_5x15_river_crossing,
          nzn_winding_woodlands_center_diamonds,
          nzn_winding_woodlands_5x15_default], layout_basic,
          chequers_temple_overflow_statue_of_worship, enter_bailey_2
D:8:      layout_loops_ring, old_standard_altar, uniq_maurice
D:9:      layout_basic, hangedman_abyss_or_decor_passed,
          minmay_mirror_moons_of_madness
D:10:     layout_gridville, david_orc_5, special_room [special_room_bee],
          kennysheep_generic_room_7, uniq_gastronok, uniq_josephine
D:11:     layout_roguey, erik_lair_island
D:12:     layout_cross, serial_shops,
          nicolae_shop_temple_entry_statues_fountains, shop_statue,
          serial_column_ruins, column_ruins_open_small,
          column_ruins_columns_corner, column_ruins_open_medium,
          column_ruins_open_tiny, column_ruins_open_tiny, uniq_fannar,
          uniq_lodul
D:13:     layout_grid_maze, david_vaults_5, drop_trap,
          nrook_guardian_serpent_double
D:14:     layout_roguey, old_standard_altar
D:15:     gammafunk_enter_depths_forms, layout_small_grid,
          nicolae_uskayaw_en_pointe
Temple:   hc_temple_tempest_star
Lair:1:   layout_gridlike, uniq_nergalle
Lair:2:   layout_loops_ring
Lair:3:   layout_layer_cave, skrybe_swamp_entry_bodies,
          guppyfry_snake_entry_island, gauntlet_entry_generic,
          serial_bayou_shore_a
Lair:4:   layout_regular_city, ebering_ghost_rock_garden, minivault_23
Lair:5:   cheibrodos_lair_end_hotspot, layout_long_grid, slime_entry_1,
          minmay_lair_drake_nest
Swamp:1:  layout_falls_marsh, serial_swamp_ruin, evilmike_swamp_ruin_rubble_2,
          evilmike_swamp_ruin_house_2
Swamp:2:  layout_basic_swamp, nicolae_swamp_tree_designs,
          infiniplex_staircase_pool_2
Swamp:3:  layout_basic_swamp, evilmike_swamp_ruin_house_4, swamp_pool1,
          uniq_mara
Swamp:4:  byrel_swamp_growth_death_and_undeath, layout_basic_swamp,
          nicolae_swamp_triple_paths, uniq_roxanne
Snake:1:  layout_basic
Snake:2:  layout_cave_pods, serial_shops, shop, serial_bayou_pond_d,
          minmay_shop_grove, grunt_megastairs_1, uniq_jorgrun
Snake:3:  layout_chambers, special_room, grunt_ministairs_10,
          grunt_megastairs_3, uniq_vashnia
Snake:4:  grunt_snake_rune_pools, layout_gridlike, serial_bayou_shore_b,
          grunt_megastairs_2, uniq_aizul
Orc:1:    layout_caves, nicolae_shop_vocational
Orc:2:    grunt_orc_community_town_hall, layout_diamond_mine,
          grunt_orc_community_big_house_1, grunt_orc_community_big_house_1,
          grunt_orc_community_house_3, grunt_orc_community_house_2,
          grunt_orc_community_house_3, grunt_orc_community_house_2,
          grunt_orc_community_house_2, nicolae_orc_bridge_out
Elf:1:    elf_arrival_002, layout_loops_cross,
          portal_ice_cave_entry_pillars_three, minmay_elf_necromancy
Elf:2:    nicolae_elf_blades_splatter_lattice [nicolae_blade_bullseye],
          layout_geoelf_octagon, basic_altar
Elf:3:    elf_hall, layout_loops_corners, ebering_ghost_reflecting_pool
Vaults:1: hangedman_vaults_slither, nicolae_vaults_know_your_exits,
          nicolae_vaults_little_squares_5, grunt_vaults_hallway_long,
          ontoclasm_vaults_pinch, nicolae_vaults_stairing_the_circle,
          hangedman_vaults_variations, vaults_mumra_minichess, v_rooms_2,
          v_misc_5, nicolae_vaults_inception_scallops, ontoclasm_vaults_twist,
          layout_vaults_big_cross, serial_shops, shop
Vaults:2: portal_desolation_entry_twin_temple, ontoclasm_vaults_claustrophobia,
          st_greater_box_4, v_misc_32, vaults_standard_mumra_x,
          nicolae_vaults_little_squares_5, vaults_dpeg_doors,
          nicolae_vaults_little_squares_3, vaults_room_semicircle,
          hangedman_vaults_cutoff, nicolae_vaults_little_squares_4,
          vaults_room_pools, v_misc_24, dpeg_vaults_monster_box,
          vaults_room_grunt_arrival_ludios, layout_vaults_maze_bifur,
          serial_shops, nicolae_shop_statue_plus, uniq_bai_suzhen
Vaults:3: ontoclasm_vaults_ligature, vaults_mumra_lcd, hangedman_vaults_impose,
          ontoclasm_vaults_gateway, v_misc_13, vaults_dpeg_ring,
          vaults_dpeg_encased_lava, vaults_room_stairs_pillars,
          layout_vaults_big_room
Vaults:4: hangedman_vaults_trim, nicolae_vaults_network_s, v_misc_30,
          ontoclasm_vaults_shuriken, nicolae_vaults_rhombus_6,
          nicolae_vaults_triangles, nicolae_vaults_windows_and_doors_thing,
          hangedman_vaults_corner, vaults_room_ringed_pool,
          nicolae_vaults_ring_of_whatevers, ontoclasm_vaults_tryst, v_misc_15,
          vaults_room_stairs_pillars, layout_vaults_omnibox, serial_shops,
          nicolae_shop_trees
Vaults:5: uniq_mennas
Depths:1: minmay_sliced_demisemicircle, layout_cave_pools,
          hangedman_tar_grid_catacomb, hangedman_stitches_earthworm
Depths:2: kennysheep_big_flooded_room, layout_gridlike, abyss_entry,
          nicolae_trove_entry_crystal, hellmouth_3, pan_entry,
          grunt_decor_fettered, serial_bayou_shore_b
Depths:3: minmay_firetagon, layout_gridlike, hell_entry, abyss_entry,
          nemelex_lonely_heart_becter, grunt_megastairs_5,
          infiniplex_staircase_door_maze
Depths:4: grunt_zot_entry_tricorne, layout_gridlike, enter_ziggurat_a,
          vehumet_crystals, hell_entry, uniq_boris
Zot:1:    layout_gridlike, uniq_vv

Skill      XL: |  1  2  3  4  5  6  7  8  9 10 11 12 13 14 15 16 17 18 19 20 21 22 23 24 |
---------------+-------------------------------------------------------------------------+-----
Axes           | 3 4 5 6 7 11 14 18 | 18.0
Fighting       | 4 5 6 7 9 10 12 14 15 16 17 19 20 22 23 24 25 | 25.3
Armour         | 4 5 6 7 8 9 12 13 15 17 18 20 21 22 23 24 | 24.0
Shields        | 4 5 6 7 8 9 12 13 15 17 18 19 21 22 23 24 | 24.0
Invocations    | 1 6 9 11 12 | 12.0
Evocations     | 1 5 7 9 10 | 10.0
Throwing       | 7 10 | 10.0
Translocations | 4 |  4.5

Action                   |  1- 3 |  4- 6 |  7- 9 | 10-12 | 13-15 | 16-18 | 19-21 | 22-24 || total
-------------------------+-------+-------+-------+-------+-------+-------+-------+-------++-------
Melee: War axe           |   114 |   136 |   250 |       |       |       |       |       ||   500
       Broad axe         |       |       |    85 |   601 |   936 |  1261 |  1178 |  1505 ||  5566
       Morningstar       |       |       |       |    10 |       |       |       |       ||    10
Throw: Dart              |       |     1 |     8 |     7 |     3 |     9 |       |       ||    28
       Javelin           |       |       |       |       |       |    29 |     9 |    20 ||    58
       Throwing net      |       |       |       |       |       |     3 |       |       ||     3
Invok: Heroism           |       |       |     4 |     7 |     3 |    10 |    14 |    18 ||    56
       Finesse           |       |       |       |     1 |     3 |    16 |    15 |    20 ||    55
       Duel              |       |       |       |       |     1 |     3 |     1 |     1 ||     6
Evoke: Wand              |       |       |     2 |       |     3 |    22 |       |     5 ||    32
       Condenser vane    |       |       |       |       |       |       |       |     1 ||     1
  Use: Potion            |       |     1 |     2 |       |     4 |     7 |     6 |    18 ||    38
       Scroll            |       |       |    17 |    11 |     3 |    11 |     2 |    12 ||    56
 Stab: Invisible         |       |       |       |       |     4 |       |       |       ||     4
Armor: Scale mail        |    52 |    42 |    12 |       |       |       |       |       ||   106
       Skin              |       |    15 |     1 |       |       |       |       |       ||    16
       Chain mail        |       |       |    43 |       |       |       |       |       ||    43
       Plate armour      |       |       |    83 |   380 |   558 |   238 |       |       ||  1259
       Crystal plate arm |       |       |       |       |       |   619 |   618 |   703 ||  1940
Dodge: Dodged            |    57 |    79 |   164 |   363 |   416 |   194 |   169 |   199 ||  1641
Block: Buckler           |    25 |    33 |    80 |   143 |   301 |   222 |       |       ||   804
       Reflection        |       |       |       |       |    10 |    93 |    21 |       ||   124
       Tower shield      |       |       |       |       |       |   877 |  1230 |  1299 ||  3406
